 Dungeon Crawl Stone Soup version 0.29.1-15-g9cfb28693d (webtiles) character file.

Game seed: 4277080707172549491

359 Kalevala the Chopper (level 6, 0/48 HPs)
             Began as a Minotaur Wanderer on Feb 28, 2023.
             Was a Priest of Kikubaaqudgha.
             Slain by an orc wizard
             ... wielding a +0 dagger
              (2 damage)
             ... on level 5 of the Dungeon.
             The game lasted 00:15:44 (4042 turns).

Kalevala the Chopper (Minotaur Wanderer)            Turns: 4042, Time: 00:15:45

Health: 0/48       AC:  3    Str: 16    XL:     6   Next: 37%
Magic:  7/7        EV: 15    Int: 10    God:    Kikubaaqudgha [***...]
Gold:   57         SH:  5    Dex: 11    Spells: 2/7 levels left

rFire   . . .      SeeInvis .   i - +1 long sword (vorpal)
rCold   . . .      Faith    .   (no shield)
rNeg    + . .      Spirit   .   e - +0 leather armour
rPois   .          Reflect  +   (helmet unavailable)
rElec   .          Harm     .   (no cloak)
rCorr   .          Rampage  .   (no gloves)
Will    .....                   (no boots)
Stlth   +.........              f - amulet of reflection
HPRegen 0.16/turn               j - +4 ring of evasion
MPRegen 0.10/turn               l - ring of positive energy

@: no status effects
A: horns 3, retaliatory headbutt
a: Renounce Religion, Unearth Wretches


You were on level 5 of the Dungeon.
You worshipped Kikubaaqudgha.
Kikubaaqudgha was most pleased with you.
You visited 1 branch of the dungeon, and saw 5 of its levels.
You also visited: Ossuary.

You collected 113 gold pieces.
You spent 56 gold pieces at shops.

Inventory:

Hand Weapons
 a - a +2 hand axe
 c - a +0 dagger
 i - a +1 vorpal long sword (weapon)
Missiles
 b - 15 poisoned darts
 o - a boomerang (quivered)
 w - 3 javelins
Armour
 e - a +0 leather armour (worn)
Jewellery
 f - an amulet of reflection (around neck)
 j - a +4 ring of evasion (left hand)
 l - a ring of positive energy (right hand)
Scrolls
 d - 2 scrolls of teleportation
 k - a scroll of enchant weapon {unknown}
 n - a scroll of blinking {unknown}
 p - a scroll of vulnerability {unknown}
 r - a scroll of summoning {unknown}
 v - a scroll of enchant armour {unknown}
 x - a scroll of fear
Potions
 g - a potion of curing
 h - 2 potions of heal wounds {unknown}
 m - a potion of brilliance
 q - a potion of invisibility {unknown}
 s - 2 potions of attraction {unknown}
 t - a potion of haste {unknown}
 u - a potion of resistance {unknown}


   Skills:
 * Level 2.1 Fighting
 * Level 2.1(2.5) Short Blades
 * Level 2.3(2.8) Long Blades
 * Level 4.2 Axes
 * Level 3.7 Throwing
 * Level 2.4 Armour
 * Level 1.5 Dodging
 * Level 1.3 Stealth
 + Level 0.8 Shields
 * Level 1.3 Spellcasting
 * Level 1.6 Hexes
 * Level 1.1 Necromancy


You had 2 spell levels left.
You knew the following spells:

 Your Spells              Type           Power      Damage    Failure   Level
a - Slow                  Hex            12%        N/A       21%         1
b - Tukima's Dance        Hex            3%         N/A       52%         3
c - Necrotise             Necr           8%         1d4       26%         1

Your spell library contained the following spells:

 Spells                   Type           Power      Damage    Failure   Level
 Sublimation of Blood     Necr           2%         N/A       36%         2
 Poisonous Vapours        Pois/Air       0%         N/A       52%         2
 Vampiric Draining        Necr           2%         2d6       58%         3
 Anguish                  Hex/Necr       1%         N/A       92%         4
 Dispel Undead            Necr           2%         3d7       94%         4
 Corpse Rot               Necr/Pois/Air  1%         N/A       98%         4
 Agony                    Necr           2%         N/A       100%        5
 Borgnjor's Vile Clutch   Necr/Erth      0%         N/A       100%        5
 Death Channel            Necr           1%         N/A       100%        6


Dungeon Overview and Level Annotations

Branches:
Dungeon (5/15)            Ossuary (visited)
 Temple: D:4-7

Altars:
Kikubaaqudgha
Okawaru

Shops:
D:2 *   D:4 *


Innate Abilities, Weirdness & Mutations

You have a pair of large horns on your head.
You reflexively headbutt those who attack you in melee.


Message History

The orc hits you with a +0 club.
You hit the orc.
You kill the orc!
Kikubaaqudgha accepts your kill. The iguana bites you!
The orc closely misses you. The iguana closely misses you.
Something hits you but does no damage. You block the orc's attack.
You see here a +0 club.
You barely miss something. The iguana bites you. The orc closely misses you.
Something hits you.
You closely miss the iguana.
You headbutt the iguana, but do no damage.
The iguana closely misses you. The orc barely misses you.
You block something's attack.
You barely miss the iguana. Your headbutt misses the iguana.
You block the iguana's attack. The orc misses you.
You hear some strange, mumbled words.
You are confused.
The iguana misses you. Something hits you but does no damage.
The orc closely misses you. The orc attacks as you move away!
The orc misses you. Something hits you. The iguana bites you!
* * * LOW HITPOINT WARNING * * *
Unknown command.
You bump into the rock wall.
The iguana closely misses you. The orc closely misses you. Something hits you.
* * * LOW HITPOINT WARNING * * *
Unknown command.
You miss something. Your headbutt misses something. The orc barely misses you.
Something closely misses you. The iguana barely misses you.
You bump into the rock wall.
The iguana completely misses you. The orc hits you with a +0 whip.
* * * LOW HITPOINT WARNING * * *
Something completely misses you.
Unknown command.
You bump into the rock wall.
You feel less confused. The iguana barely misses you.
You block the orc's attack. Something hits you.
You die...
Kikubaaqudgha rasps: "You have failed me!
Welcome... death!"

......'.........# #.####.#.
..)...#############........
......# #.....>........##
......# #.#############..
####### #...............
######........# #........+
#lo......# #@{......#
###)###### #... .)....
....... [...... ......


You could see an iguana and an orc.

Vanquished Creatures
  An orc priest (D:5)
  A hound (D:4)
  Jessica (D:3)
  2 iguanas
  An orc wizard (D:3)
  A mummy (Ossuary)
  7 adders
  A white imp (D:5)
  4 worms (D:2)
  2 dart slugs
  4 orcs
  A spectral bat (Ossuary)
  5 endoplasms
  A giant cockroach (D:4)
  12 gnoll zombies (Ossuary)
  2 goblins
  3 hobgoblins
  2 jackals (D:1)
  8 kobolds
  2 quokkas
  6 ball pythons
  7 bats
  A bat simulacrum (Ossuary)
  3 frilled lizards
  3 goblin simulacra (Ossuary)
  5 goblin zombies (Ossuary)
  5 hobgoblin zombies (Ossuary)
  2 kobold simulacra (Ossuary)
  5 kobold zombies (Ossuary)
  3 orc zombies (Ossuary)
  5 rats
  A rat simulacrum (Ossuary)
  8 spectral goblins (Ossuary)
  3 spectral kobolds (Ossuary)
  A spectral rat (Ossuary)
119 creatures vanquished.

Notes
Turn   | Place    | Note
-------+----------+-------------------------------------------
     0 | D:1      | Kalevala the Minotaur Wanderer began the quest for the Orb.
     0 | D:1      | Kalevala set off with the following items: a +2 hand axe, 9
                  | poisoned darts, a +0 dagger, a potion of lignification, a
                  | +0 leather armour; and the following spell memorised: Slow;
                  | and the following spells available to memorise: Tukima's
                  | Dance.
     0 | D:1      | Reached XP level 1. HP: 16/16 MP: 1/1
   442 | D:1      | Reached XP level 2. HP: 22/23 MP: 2/2
   484 | D:2      | Found a faded altar of an unknown god.
   505 | D:2      | Reached XP level 3. HP: 10/28 MP: 3/3
   547 | D:2      | Prayed at the altar of an unknown god.
   547 | D:2      | Became a worshipper of Kikubaaqudgha
   547 | D:2      | Reached * piety under Kikubaaqudgha
   547 | D:2      | Received a gift from Kikubaaqudgha
   553 | D:2      | Learned a level 3 spell: Tukima's Dance
  1585 | D:2      | Found Vuxuuz's General Store.
  1739 | D:2      | Reached XP level 4. HP: 33/36 MP: 4/4
  2033 | D:1      | Reached skill level 1 in Short Blades
  2560 | D:1      | Learned a level 1 spell: Necrotise
  2575 | D:3      | Reached skill level 1 in Stealth
  2604 | D:3      | Gained mutation: You are agile. (Dex +4, Str/Int -1)
                  | [potion of mutation]
  2605 | D:3      | Lost mutation: You are agile. (Dex +4, Str/Int -1) [potion
                  | of mutation]
  2605 | D:3      | Gained mutation: You have a pair of large horns on your
                  | head. [potion of mutation]
  2619 | D:3      | Reached skill level 4 in Axes
  2619 | D:3      | Reached skill level 1 in Armour
  2737 | D:3      | Reached skill level 1 in Dodging
  2752 | D:3      | Reached skill level 1 in Long Blades
  2752 | D:3      | Reached XP level 5. HP: 6/41 MP: 1/5
  3088 | D:3      | Noticed Jessica
  3093 | D:3      | Killed Jessica
  3108 | D:4      | Reached ** piety under Kikubaaqudgha
  3113 | D:4      | Reached skill level 1 in Necromancy
  3173 | D:4      | Found a sand-covered staircase.
  3179 | Ossuary  | Entered an ossuary
  3435 | Ossuary  | Reached XP level 6. HP: 44/48 MP: 6/6
  3583 | Ossuary  | Reached *** piety under Kikubaaqudgha
  3583 | Ossuary  | Received a gift from Kikubaaqudgha
  3804 | D:4      | Found an iron altar of Okawaru.
  3891 | D:4      | Found Pezuaj's General Store.
  3896 | D:4      | Bought a scroll of fear for 56 gold pieces
  3916 | D:5      | Entered Level 5 of the Dungeon
  4041 | D:5      | HP: 1/48 [orc/+0 whip (6)]
  4042 | D:5      | Slain by an orc wizard

Illustrated notes

Levels and vault maps discovered:
D:1:      reono_arrival_mine, layout_loops_corners
D:2:      layout_loops_corners, nicolae_ecumenical_snake_handling, serial_shops,
          nicolae_shop_stone
D:3:      layout_basic, uniq_natasha, uniq_jessica, uniq_sigmund
D:4:      layout_basic, okawaru_gym_becter, serial_shops, kennysheep_mini,
          nicolae_ossuary_entry_false_entrances
D:5:      layout_basic, dk_yredelemnul_ordeal

Skill      XL: |  1  2  3  4  5  6 |
---------------+-------------------+-----
Short Blades   | 1 2 |  2.1
Stealth        | 1 |  1.3
Axes           | 4 |  4.2
Armour         | 1 2 |  2.4
Dodging        | 1 |  1.5
Long Blades    | 1 2 |  2.3
Fighting       | 2 |  2.1
Necromancy     | 1 |  1.1
Throwing       | |  3.7
Shields        | |  0.8
Spellcasting   | |  1.3
Hexes          | |  1.6

Action                   |  1- 3 |  4- 6 || total
-------------------------+-------+-------++-------
Melee: Hand axe          |    13 |       ||    13
       Long sword        |    66 |   164 ||   230
       Headbutt          |     7 |    19 ||    26
       Punch             |       |     2 ||     2
Throw: Dart              |     7 |    11 ||    18
       Boomerang         |       |    23 ||    23
 Cast: Slow              |     3 |     3 ||     6
       Necrotise         |       |     1 ||     1
  Use: Scroll            |     4 |     4 ||     8
       Potion            |     2 |     6 ||     8
 Stab: Sleeping          |       |     4 ||     4
Armor: Leather armour    |    16 |    30 ||    46
       Skin              |     1 |    11 ||    12
Dodge: Dodged            |    31 |   118 ||   149
Block: Other             |    21 |    49 ||    70
